 Dungeon Crawl Stone Soup version 0.17-a0-1093-g0b3cd89 (webtiles) character file.

219 Jakers the Bolt Thrower (level 6, 0/39 HPs)
             Began as a Halfling Hunter on May 20, 2015.
             Slain by an adder (3 damage)
             ... on level 5 of the Dungeon.
             The game lasted 00:12:22 (2359 turns).

Jakers the Bolt Thrower (Halfling Hunter)           Turns: 2359, Time: 00:12:22

Health: 0/39       AC:  4    Str: 15    XL:     6   Next: 17%
Magic:  6/6        EV: 10    Int: 10    God:
Gold:   137        SH:  0    Dex: 17    Spells: 0 memorised, 5 levels left

rFire  . . .     SeeInvis .     w - +1 hand crossbow
rCold  . . .     Clarity  .     d - +0 leather armour
rNeg   . . .     SustAb   .     (shield restricted)
rPois  .         Gourm    .     (no helmet)
rElec  .         Spirit   .     (no cloak)
rCorr  .         Warding  .     j - +0 pair of gloves
rMut   .         Stasis   .     (no boots)
MR     .....                    (no amulet)
Stlth  ++........               (no ring)
                                m - +3 ring of strength

@: lethally poisoned (0 -> -1), not resistant to hostile enchantments,
unstealthy
A: mutation resistance 1
a: no special abilities


You were on level 5 of the Dungeon.
You were not hungry.

You visited 1 branch of the dungeon, and saw 5 of its levels.

You collected 137 gold pieces.

Inventory:

Hand weapons
 a - a +0 short sword
 s - a +0 hunting sling
 w - a +1 hand crossbow (weapon)
Missiles
 n - 12 silver bolts (quivered)
 t - 20 sling bullets
Armour
 d - a +0 leather armour (worn)
 j - a +0 pair of gloves (worn)
Jewellery
 m - a +3 ring of strength (left hand)
Scrolls
 f - 2 scrolls of enchant weapon {unknown}
 h - 2 scrolls of teleportation
 l - 2 scrolls of remove curse {unknown}
 p - a scroll of identify {unknown}
 q - a scroll of noise {unknown}
Potions
 b - a potion of curing
 g - a potion of brilliance {unknown}
 k - a potion of poison {unknown}
 o - a potion of haste {unknown}
 r - 2 potions of degeneration {unknown}
Comestibles
 e - 4 bread rations
 i - a beef jerky
 u - a slice of pizza


   Skills:
 + Level 2.2 Fighting
 + Level 5.4 Crossbows
 + Level 2.1 Armour
 + Level 3.0 Dodging
 + Level 1.5 Stealth


You had 5 spell levels left.
You didn't know any spells.

Dungeon Overview and Level Annotations

Branches:
Dungeon (5/15)
 Temple: D:4-7

Altars:

Shops:
D:5 (

Annotations:
D:5 WhatIsLove's ghost, experienced FoWr


Innate Abilities, Weirdness & Mutations

You are small and have problems with some larger weapons.
You are somewhat resistant to further mutation.


Message History

The hound misses you.
You feel sick. The adder misses you. The hound closely misses you.
There is a stone staircase leading down here.
The adder bites you.
* * * LOW HITPOINT WARNING * * *
The hound barely misses you.
You climb downwards.
A giant newt, a ball python, 2 kobolds, a crimson imp and a player ghost come into view.
The crimson imp shouts!
WhatIsLove's ghost turns its malevolent gaze towards you.
The kobold shouts!
Found 18 stones, a quarterstaff and 13 gold pieces.
Found Naradyim's Antique Weapon Boutique.
Found a stone staircase leading down.
There is a stone staircase leading up here.
The hound bites you.
* * * LOW HITPOINT WARNING * * *
The adder bites you.
You die...

##.............
l..............
...............
......W........
.......∩.K.....
......5......#
#...(h.S....#
#...@....#
##..K....#
#......##
....>...#
.........#
#......S..#
#........$.
#.#...###..#


You could see a hound, WhatIsLove's ghost, a crimson imp, an adder, a ball
python, 2 kobolds and a giant newt.

Vanquished Creatures
  An orc wizard (D:3)
  A hound (D:4)
  An orc priest (D:3)
  An iguana (D:4)
  4 adders (D:3)
  A worm (D:2)
  A giant gecko (D:3)
  6 orcs
  12 hobgoblins
  3 jackals (D:3)
  6 kobolds
  2 quokkas
  7 bats
  2 giant cockroaches (D:3)
  2 giant newts
  2 goblins (D:2)
  7 rats
59 creatures vanquished.

Notes
Turn   | Place    | Note
--------------------------------------------------------------
     0 | D:1      | Jakers the Halfling Hunter began the quest for the Orb.
     0 | D:1      | Reached XP level 1. HP: 14/14 MP: 1/1
   101 | D:1      | Reached XP level 2. HP: 12/19 MP: 2/2
   302 | D:2      | Reached skill level 4 in Crossbows
   449 | D:2      | Reached XP level 3. HP: 24/24 MP: 3/3
  1141 | D:3      | Reached XP level 4. HP: 26/29 MP: 4/4
  1482 | D:3      | Reached skill level 5 in Crossbows
  1482 | D:3      | Reached skill level 1 in Armour
  1482 | D:3      | Reached XP level 5. HP: 16/34 MP: 5/5
  2075 | D:4      | Reached XP level 6. HP: 17/39 MP: 6/6
  2358 | D:5      | Entered Level 5 of the Dungeon
  2358 | D:5      | Found Naradyim's Antique Weapon Boutique.
  2358 | D:5      | Noticed WhatIsLove's ghost (experienced FoWr)
  2359 | D:5      | Slain by an adder

Vault maps used:
D:1:      scummos_arrival_simple_crosswalls
D:2:      first_bread
D:3:      grunt_ministairs_4, makhleb_altar_promises_db
D:4:      uniq_grinder
D:5:      grunt_gozag_statues, temple_doors_b, serial_shops, shop, shop, shop,
          shop, kennysheep_little_box, uniq_duvessa

Action                   |  1- 3 |  4- 6 || total
-------------------------+-------+-------++-------
Melee: Short sword       |    27 |    11 ||    38
       Hand crossbow     |     1 |       ||     1
 Fire: Hand crossbow     |    66 |    80 ||   146
  Use: Potion            |     3 |     1 ||     4
       Scroll            |     1 |       ||     1
  Eat: Bread ration      |     1 |       ||     1
